 Dungeon Crawl Stone Soup version 0.29.1-15-g9cfb28693d (webtiles) character file.

Game seed: 14957889248965745072

21 Atelerd the Digger (level 2, 0/18 HPs)
             Began as an Octopode Earth Elementalist on May 1, 2023.
             Slain by a jackal (2 damage)
             ... on level 1 of the Dungeon.
             The game lasted 00:00:18 (383 turns).

Atelerd the Digger (Octopode Earth Elementalist)     Turns: 383, Time: 00:00:19

Health: 0/18       AC:  1    Str:  7    XL:     2   Next: 83%
Magic:  2/5        EV: 13    Int: 17    God:
Gold:   10         SH:  0    Dex: 12    Spells: 4/5 levels left

rFire   . . .      SeeInvis .   b - +0 hand axe
rCold   . . .      Faith    .   (no shield)
rNeg    . . .      Spirit   .   (helmet restricted)
rPois   .          Reflect  .   (no amulet)
rElec   .          Harm     .   (no ring)
rCorr   .          Rampage  .   (no ring)
Will    .....                   (no ring)
Stlth   +++.......              (no ring)
HPRegen 0.06/turn               (no ring)
MPRegen 0.09/turn               (no ring)
                                (no ring)
                                (no ring)

@: no status effects
A: almost no armour, amphibious, 8 rings, camouflage 1, gelatinous body 1,
(nimble swimmer 1), tentacles, robust 1
a: no special abilities


You were on level 1 of the Dungeon.
You visited 1 branch of the dungeon, and saw 1 of its levels.

You collected 10 gold pieces.

Inventory:

Hand Weapons
 b - a +0 hand axe (weapon)
Scrolls
 c - a scroll of identify {unknown}
 e - a scroll of poison {unknown}
 f - a scroll of teleportation {unknown}
Potions
 a - a potion of magic


   Skills:
 + Level 0.2 Axes
 - Level 2.0 Dodging
 - Level 2.6 Stealth
 + Level 2.2 Spellcasting
 + Level 1.0 Transmutations
 + Level 3.7 Earth Magic


You had 4 spell levels left.
You knew the following spells:

 Your Spells              Type           Power      Damage    Failure   Level
a - Sandblast             Erth           28%        2d8       4%          1

Your spell library contained the following spells:

 Spells                   Type           Power      Damage    Failure   Level
 Passwall                 Tmut/Erth      7%         N/A       11%         2
 Stone Arrow              Conj/Erth      16%        3d8       26%         3
 Petrify                  Tmut/Erth      9%         N/A       56%         4


Dungeon Overview and Level Annotations

Branches:
Dungeon (1/15)

Altars:


Innate Abilities, Weirdness & Mutations

You cannot wear most types of armour.
You are amphibious.
You can wear up to eight rings at the same time.
Your skin changes colour to match your surroundings (Stealth+).
Your rubbery body absorbs attacks. (AC +1, EV +1)
((You are camouflaged when in or above water. (Stealth+)))
You have tentacles for arms and can constrict up to eight enemies at once.
You are robust. (+10% HP)


Message History

The kobold barely misses you.
There are monsters nearby!
You hit the kobold. You grab the kobold. You tentacle-slap the kobold.
You kill the kobold!
There are monsters nearby!
You hit the jackal.
You kill the jackal!
There are monsters nearby!
The hobgoblin hits you.
There are monsters nearby!
You hit the jackal. Your grab misses the jackal.
You squeeze the jackal, but do no damage.
The jackal is heavily wounded.
You hit the hobgoblin but do no damage. The jackal closely misses you.
The hobgoblin closely misses you.
The blast of sand hits the jackal!
You kill the jackal!
The jackal closely misses you. The jackal barely misses you.
The jackal misses you. The hobgoblin barely misses you.
The blast of sand hits the jackal!
You kill the jackal!
The jackal closely misses you. The hobgoblin barely misses you.
The jackal misses you. The rat bites you.
The hobgoblin hits you but does no damage.
The jackal barely misses you.
You hit the jackal but do no damage. Your grab misses the jackal.
You closely miss the rat. You barely miss the hobgoblin. The jackal misses you.
The hobgoblin misses you. The rat bites you.
The blast of sand hits the jackal.
The jackal is moderately wounded.
The jackal misses you. The hobgoblin hits you. The rat bites you.
* * * LOW HITPOINT WARNING * * *
The jackal bites you.
* * * LOW HITPOINT WARNING * * *
The rat misses you. The hobgoblin hits you.
* * * LOW HITPOINT WARNING * * *
It was a potion of mutation.
You feel extremely strange.
You feel robust. The jackal bites you.
You die...

#.....##......#
#.....#.......#
#.....#.......#
#.....#.........
#.(...#......###
##.....##+#+###
..###...####
#.......#####..
#####..@h......
#..rg......
#..........
##.$.......
#.........
#.........
#####..... .....


You could see a jackal, a hobgoblin and a rat.

Vanquished Creatures
  An endoplasm (D:1)
  2 giant cockroaches (D:1)
  A goblin (D:1)
  2 hobgoblins (D:1)
  3 jackals (D:1)
  3 kobolds (D:1)
  A ball python (D:1)
  2 bats (D:1)
  2 rats (D:1)
17 creatures vanquished.

Notes
Turn   | Place    | Note
-------+----------+-------------------------------------------
     0 | D:1      | Atelerd the Octopode Earth Elementalist began the quest for
                  | the Orb.
     0 | D:1      | Reached XP level 1. HP: 11/11 MP: 3/3
   161 | D:1      | Reached XP level 2. HP: 16/17 MP: 3/5
   383 | D:1      | Gained mutation: You are robust. (+10% HP) [potion of
                  | mutation]
   383 | D:1      | Slain by a jackal

Illustrated notes

Levels and vault maps discovered:
D:1:      wheals_arrival_linesprint, layout_basic, serial_aquarium,
          aquarium_bridge_long_joined [aquarium_subvault_bridge,
          aquarium_subvault_wall, aquarium_subvault_balcony,
          aquarium_subvault_bridge, aquarium_subvault_wall,
          aquarium_subvault_window], aquarium_window_corridor_3,
          aquarium_window_fake, aquarium_view_2b, aquarium_pool_S

Action                   || total
-------------------------++-------
Melee: Hand axe          ||    17
       Constrict         ||     6
       Punch             ||     1
       Tentacles         ||     1
 Cast: Sandblast         ||    11
  Use: Potion            ||     1
 Stab: Sleeping          ||     1
Armor: Skin              ||     4
Dodge: Dodged            ||    25
